| TOP OF THE 1ST |
|
Gwinnett Braves batting - Pitching for Las Vegas 51s : RHP Austin Kuhn
|
|
Pitching: RHP Austin Kuhn
|
|
|
Batting: RHB Nate Taylor
|
0-0: Called Strike 0-1: Ball 1-1: Fly out, F7 (Flyball, 7S, EV 86.2 MPH)
|
|
Batting: RHB Alex Munoz
|
0-0: Ball 1-0: Fly out, F8 (Flyball, 8LD, EV 93.1 MPH)
|
|
Batting: SHB Bob Morales
|
0-0: Called Strike 0-1: Fly out, F6 (Popup, 6D, EV 70.0 MPH)
|
| Top of the 1st over - 0 runs, 0 hits, 0 errors, 0 left on base; Gwinnett 0 - Las Vegas 0 |
| BOTTOM OF THE 1ST |
|
Las Vegas 51s batting - Pitching for Gwinnett Braves : RHP Ryan DeMille
|
|
Pitching: RHP Ryan DeMille
|
|
|
Batting: RHB Billy Walker
|
0-0: Ball 1-0: Ball 2-0: Ball 3-0: Called Strike 3-1: Foul Ball, location: 2F 3-2: Base on Balls
|
|
Batting: SHB Masatoshi Akahoshi
|
0-0: Ball 1-0: Called Strike 1-1: Swinging Strike 1-2: Ball 2-2: Ball 3-2: Fly out, F7 (Flyball, 7S, EV 95.0 MPH)
|
|
Batting: SHB Justin Wallace
|
0-0: Called Strike 0-1: Grounds out, U3 (Groundball, 3L, EV 97.5 MPH)
|
|
Batting: LHB Bill Armijo
|
0-0: Ball 1-0: DOUBLE (Groundball, 3L, EV 105.0 MPH) Billy Walker scores
|
|
Batting: RHB Andy Carrell
|
0-0: Foul Ball, location: 2F 0-1: Ball 1-1: Foul Ball, location: 2F 1-2: Foul Ball, location: 2F 1-2: Ball 2-2: Ball 3-2: Fly out, F4 (Line Drive, 4D, EV 66.9 MPH)
|
| Bottom of the 1st over - 1 run, 1 hit, 0 errors, 1 left on base; Gwinnett 0 - Las Vegas 1 |
| TOP OF THE 2ND |
|
Gwinnett Braves batting - Pitching for Las Vegas 51s : RHP Austin Kuhn
|
|
Batting: RHB Muneer Maudad
|
0-0: Ball 1-0: Called Strike 1-1: Swinging Strike 1-2: Strikes out swinging
|
|
Batting: SHB Brian Bagley
|
0-0: Called Strike 0-1: Foul Ball, location: 2F 0-2: Ground out U3 (Groundball, 3, EV 106.9 MPH)
|
|
Batting: LHB Chad Persaud
|
0-0: Called Strike 0-1: Fly out, F9 (Flyball, 9, EV 93.1 MPH)
|
| Top of the 2nd over - 0 runs, 0 hits, 0 errors, 0 left on base; Gwinnett 0 - Las Vegas 1 |
| BOTTOM OF THE 2ND |
|
Las Vegas 51s batting - Pitching for Gwinnett Braves : RHP Ryan DeMille
|
|
Batting: RHB Mike Phillips
|
0-0: Ball 1-0: Called Strike 1-1: Called Strike 1-2: Ground out U3 (Groundball, 34S, EV 89.4 MPH)
|
|
Batting: RHB Devine Adams
|
0-0: Ball 1-0: Foul Ball, location: 2F 1-1: Ball 2-1: Fly out, F8 (Flyball, 8RM, EV 79.4 MPH)
|
|
Batting: RHB Omar Novoa
|
0-0: Ground out 4-3 (Groundball, 34, EV 81.9 MPH)
|
| Bottom of the 2nd over - 0 runs, 0 hits, 0 errors, 0 left on base; Gwinnett 0 - Las Vegas 1 |
| TOP OF THE 3RD |
|
Gwinnett Braves batting - Pitching for Las Vegas 51s : RHP Austin Kuhn
|
|
Batting: SHB Troy Kenyon
|
0-0: Ball 1-0: Called Strike 1-1: Called Strike 1-2: Ball 2-2: Foul Ball, location: 2F 2-2: Ball 3-2: Foul Ball, location: 2F 3-2: Base on Balls
|
|
Batting: RHB Riley Nasiir
|
0-0: Called Strike 0-1: Ball 1-1: SINGLE (Groundball, 25, EV 68.1 MPH) (infield hit) Troy Kenyon to second
|
|
Batting: RHB Mike Manchester
|
0-0: Called Strike 0-1: Foul Ball, location: 2F 0-2: Strikes out looking
|
|
Batting: RHB Nate Taylor
|
0-0: Ball 1-0: Ball 2-0: Called Strike 2-1: Ball 3-1: Swinging Strike 3-2: Base on Balls Troy Kenyon to third Riley Nasiir to second
|
|
Batting: RHB Alex Munoz
|
0-0: Ball 1-0: Foul Ball, location: 2F 1-1: Foul Ball, location: 2F 1-2: Strikes out swinging
|
|
Batting: SHB Bob Morales
|
0-0: Ball 1-0: Called Strike 1-1: Swinging Strike 1-2: Ball 2-2: Foul Ball, location: 2F 2-2: Strikes out looking
|
| Top of the 3rd over - 0 runs, 1 hit, 0 errors, 3 left on base; Gwinnett 0 - Las Vegas 1 |
| BOTTOM OF THE 3RD |
|
Las Vegas 51s batting - Pitching for Gwinnett Braves : RHP Ryan DeMille
|
|
Batting: RHB Koen van Oort
|
0-0: Ground out 5-3 (Groundball, 56, EV 106.2 MPH)
|
|
Batting: RHB Billy Walker
|
0-0: Foul Ball, location: 2F 0-1: Ball 1-1: Swinging Strike 1-2: Strikes out looking
|
|
Batting: SHB Masatoshi Akahoshi
|
0-0: Called Strike 0-1: Called Strike 0-2: Strikes out looking
|
| Bottom of the 3rd over - 0 runs, 0 hits, 0 errors, 0 left on base; Gwinnett 0 - Las Vegas 1 |
| TOP OF THE 4TH |
|
Gwinnett Braves batting - Pitching for Las Vegas 51s : RHP Austin Kuhn
|
|
Batting: RHB Muneer Maudad
|
0-0: DOUBLE (Line Drive, 89D, EV 106.2 MPH)
|
|
Batting: SHB Brian Bagley
|
0-0: Ball 1-0: Ground out 4-3 (Groundball, 4, EV 81.9 MPH) Muneer Maudad to third
|
|
Batting: LHB Chad Persaud
|
0-0: Ball 1-0: Ball 2-0: Called Strike 2-1: Ball 3-1: SINGLE (Groundball, 6S, EV 75.6 MPH) (infield hit) Muneer Maudad scores
|
|
Batting: SHB Troy Kenyon
|
0-0: Ball 1-0: Called Strike Chad Persaud steals 2nd base 1-1: DOUBLE (Line Drive, 9LM, EV 93.8 MPH) Chad Persaud scores
|
|
Batting: RHB Riley Nasiir
|
0-0: Foul Ball, location: 2F 0-1: Ball 1-1: SINGLE (Groundball, 34D, EV 100.6 MPH) Troy Kenyon to third
|
|
Batting: RHB Mike Manchester
|
0-0: Ball 1-0: Ball Riley Nasiir steals 2nd base 2-0: Called Strike 2-1: Fly out, F8 (Flyball, 8LS, EV 91.2 MPH)
|
|
Batting: RHB Nate Taylor
|
0-0: Fly out, F8 (Flyball, 8LD, EV 93.8 MPH)
|
| Top of the 4th over - 2 runs, 4 hits, 0 errors, 2 left on base; Gwinnett 2 - Las Vegas 1 |
| BOTTOM OF THE 4TH |
|
Las Vegas 51s batting - Pitching for Gwinnett Braves : RHP Ryan DeMille
|
|
Batting: SHB Justin Wallace
|
0-0: Ball 1-0: Foul Ball, location: 2F 1-1: Ground out U3 (Groundball, 3L, EV 111.2 MPH)
|
|
Batting: LHB Bill Armijo
|
0-0: Called Strike 0-1: Ball 1-1: Swinging Strike 1-2: Strikes out swinging passed ball, reaches first!
|
|
Batting: RHB Andy Carrell
|
0-0: Fly out, F7 (Flyball, 7S, EV 83.1 MPH)
|
|
Batting: RHB Mike Phillips
|
0-0: Called Strike Bill Armijo is caught stealing 2nd base 2-4
|
| Bottom of the 4th over - 0 runs, 0 hits, 0 errors, 0 left on base; Gwinnett 2 - Las Vegas 1 |
| TOP OF THE 5TH |
|
Gwinnett Braves batting - Pitching for Las Vegas 51s : RHP Austin Kuhn
|
|
Batting: RHB Alex Munoz
|
0-0: Called Strike 0-1: Foul Ball, location: 2F 0-2: Ball 1-2: Strikes out swinging
|
|
Batting: SHB Bob Morales
|
0-0: Called Strike 0-1: Swinging Strike 0-2: Ball 1-2: Foul Ball, location: 2F 1-2: Ball 2-2: Strikes out swinging
|
|
Batting: RHB Muneer Maudad
|
0-0: Ball 1-0: Reached on error, E6 (Groundball, 6, EV 81.9 MPH)
|
|
Batting: SHB Brian Bagley
|
0-0: Ball 1-0: Called Strike 1-1: Foul Ball, location: 2F 1-2: Strikes out swinging
|
| Top of the 5th over - 0 runs, 0 hits, 1 error, 1 left on base; Gwinnett 2 - Las Vegas 1 |
| BOTTOM OF THE 5TH |
|
Las Vegas 51s batting - Pitching for Gwinnett Braves : RHP Ryan DeMille
|
|
Batting: RHB Mike Phillips
|
0-0: Ball 1-0: Ball 2-0: Called Strike 2-1: Fly out, F9 (Flyball, 9D, EV 104.4 MPH)
|
|
Batting: RHB Devine Adams
|
0-0: Ground out 6-3 (Groundball, 6, EV 91.9 MPH)
|
|
Batting: RHB Omar Novoa
|
0-0: Swinging Strike 0-1: Called Strike 0-2: Foul Ball, location: 2F 0-2: Foul Ball, location: 2F 0-2: Ground out 6-3 (Groundball, 6, EV 81.9 MPH)
|
| Bottom of the 5th over - 0 runs, 0 hits, 0 errors, 0 left on base; Gwinnett 2 - Las Vegas 1 |
| TOP OF THE 6TH |
|
Gwinnett Braves batting - Pitching for Las Vegas 51s : RHP Austin Kuhn
|
|
Batting: LHB Chad Persaud
|
0-0: Foul Ball, location: 2F 0-1: Foul Ball, location: 2F 0-2: Strikes out swinging
|
|
Batting: SHB Troy Kenyon
|
0-0: Hit by Pitch
|
|
Batting: RHB Riley Nasiir
|
0-0: Ball 1-0: Ball 2-0: Called Strike 2-1: Ball 3-1: Base on Balls Troy Kenyon to second
|
|
Batting: RHB Mike Manchester
|
0-0: Called Strike 0-1: Foul Ball, location: 2F 0-2: Foul Ball, location: 2F 0-2: Grounds into double play, 6-4-3 (Groundball, 6, EV 105.6 MPH)
|
| Top of the 6th over - 0 runs, 0 hits, 0 errors, 1 left on base; Gwinnett 2 - Las Vegas 1 |
| BOTTOM OF THE 6TH |
|
Las Vegas 51s batting - Pitching for Gwinnett Braves : RHP Ryan DeMille
|
|
Batting: RHB Koen van Oort
|
0-0: Ball 1-0: Ball 2-0: Ground out 5-3 (Groundball, 56, EV 81.9 MPH)
|
|
Batting: RHB Billy Walker
|
0-0: SINGLE (Line Drive, 6M, EV 106.9 MPH)
|
|
Batting: SHB Masatoshi Akahoshi
|
0-0: Ball 1-0: Ball 2-0: Ball 3-0: Base on Balls Billy Walker to second
|
|
Batting: SHB Justin Wallace
|
0-0: Called Strike 0-1: Swinging Strike 0-2: Ball 1-2: Ball 2-2: Fly out, F7 (Line Drive, 7LS, EV 93.8 MPH)
|
|
Batting: LHB Bill Armijo
|
0-0: Swinging Strike 0-1: Ball 1-1: Swinging Strike 1-2: Ball 2-2: Strikes out swinging
|
| Bottom of the 6th over - 0 runs, 1 hit, 0 errors, 2 left on base; Gwinnett 2 - Las Vegas 1 |
| TOP OF THE 7TH |
|
Gwinnett Braves batting - Pitching for Las Vegas 51s : RHP Austin Kuhn
|
|
Batting: RHB Nate Taylor
|
0-0: Ball 1-0: Ground out 6-3 (Groundball, 6, EV 80.6 MPH)
|
|
Batting: RHB Alex Munoz
|
0-0: Foul Ball, location: 2F 0-1: Ball 1-1: Called Strike 1-2: Ball 2-2: Strikes out swinging
|
|
Batting: SHB Bob Morales
|
0-0: Ball 1-0: Ball 2-0: Called Strike 2-1: Called Strike 2-2: Foul Ball, location: 2F 2-2: Strikes out looking
|
| Top of the 7th over - 0 runs, 0 hits, 0 errors, 0 left on base; Gwinnett 2 - Las Vegas 1 |
| BOTTOM OF THE 7TH |
|
Las Vegas 51s batting - Pitching for Gwinnett Braves : RHP Ryan DeMille
|
|
Batting: RHB Andy Carrell
|
0-0: Foul Ball, location: 2F 0-1: Ball 1-1: Ball 2-1: Foul Ball, location: 2F 2-2: Strikes out swinging
|
|
Batting: RHB Mike Phillips
|
0-0: Ball 1-0: Ball 2-0: Called Strike 2-1: Foul Ball, location: 2F 2-2: Strikes out swinging
|
|
Batting: RHB Devine Adams
|
0-0: Foul Ball, location: 2F 0-1: Foul Ball, location: 2F 0-2: Foul Ball, location: 2F 0-2: Strikes out swinging
|
| Bottom of the 7th over - 0 runs, 0 hits, 0 errors, 0 left on base; Gwinnett 2 - Las Vegas 1 |
| TOP OF THE 8TH |
|
Gwinnett Braves batting - Pitching for Las Vegas 51s : RHP Austin Kuhn
|
|
Pitching: RHP Jason Vulich
|
|
|
Batting: RHB Muneer Maudad
|
0-0: Ground out 1-3 (Groundball, 13, EV 72.5 MPH)
|
|
Batting: SHB Brian Bagley
|
0-0: Called Strike 0-1: Foul Ball, location: 2F 0-2: Ball 1-2: Ball 2-2: Strikes out swinging
|
|
Batting: LHB Chad Persaud
|
0-0: Ground out 6-3 (Groundball, 56, EV 104.4 MPH)
|
| Top of the 8th over - 0 runs, 0 hits, 0 errors, 0 left on base; Gwinnett 2 - Las Vegas 1 |
| BOTTOM OF THE 8TH |
|
Las Vegas 51s batting - Pitching for Gwinnett Braves : RHP Ryan DeMille
|
|
Now at 1B: Mark Buchholz
|
|
|
Now in RF: Edgar Castillo
|
|
|
Batting: RHB Omar Novoa
|
0-0: Swinging Strike 0-1: Called Strike 0-2: Ball 1-2: Strikes out swinging
|
|
Batting: RHB Koen van Oort
|
0-0: Called Strike 0-1: Ball 1-1: Foul Ball, location: 2F 1-2: Ball 2-2: Ball 3-2: Foul Ball, location: 2F 3-2: Ground out 4-3 (Groundball, 4M, EV 87.5 MPH)
|
|
Batting: RHB Billy Walker
|
0-0: Fly out, F7 (Flyball, 7, EV 86.2 MPH)
|
| Bottom of the 8th over - 0 runs, 0 hits, 0 errors, 0 left on base; Gwinnett 2 - Las Vegas 1 |
| TOP OF THE 9TH |
|
Gwinnett Braves batting - Pitching for Las Vegas 51s : RHP Jason Vulich
|
|
Pitching: RHP Alastair Henry
|
|
|
Batting: SHB Troy Kenyon
|
0-0: Ground out 4-3 (Groundball, 4, EV 83.8 MPH)
|
|
Batting: RHB Riley Nasiir
|
0-0: Called Strike 0-1: Ball 1-1: Swinging Strike 1-2: Ball 2-2: Strikes out swinging
|
|
Batting: RHB Mike Manchester
|
0-0: SINGLE (Groundball, 56D, EV 101.9 MPH)
|
|
Batting: RHB Nate Taylor
|
0-0: Ball Mike Manchester is caught stealing 2nd base 2-4
|
| Top of the 9th over - 0 runs, 1 hit, 0 errors, 0 left on base; Gwinnett 2 - Las Vegas 1 |
| BOTTOM OF THE 9TH |
|
Las Vegas 51s batting - Pitching for Gwinnett Braves : RHP Ryan DeMille
|
|
Pitching: RHP Orlando Velazquez
|
|
|
Batting: SHB Masatoshi Akahoshi
|
0-0: Ball 1-0: Swinging Strike 1-1: Ball 2-1: Swinging Strike 2-2: Strikes out looking
|
|
Batting: SHB Justin Wallace
|
0-0: Ball 1-0: Foul Ball, location: 2F 1-1: Ball 2-1: Swinging Strike 2-2: Foul Ball, location: 2F 2-2: Ball 3-2: DOUBLE (Flyball, 89XD, EV 98.1 MPH)
|
|
Batting: LHB Bill Armijo
|
0-0: Ground out 4-3 (Groundball, 4, EV 86.9 MPH) Justin Wallace to third
|
|
Batting: RHB Andy Carrell
|
0-0: Called Strike 0-1: Ball 1-1: Ground out 5-3 (Groundball, 5, EV 86.9 MPH)
|
| Bottom of the 9th over - 0 runs, 1 hit, 0 errors, 1 left on base; Gwinnett 2 - Las Vegas 1 |
|